 Dungeon Crawl Stone Soup version 0.17-a0-1442-g10bb59b (webtiles) character file.

7394 wotan the Grappler (level 11, 0/97 HPs)
             Began as a Ghoul Monk on June 26, 2015.
             Was a High Priest of Makhleb.
             Slain by a cyan ugly thing (16 damage)
             ... on level 9 of the Dungeon on June 27, 2015.
             The game lasted 00:39:36 (11690 turns).

wotan the Grappler (Ghoul Monk)                    Turns: 11690, Time: 00:39:36

Health: 0/97       AC: 11    Str: 21    XL:     11   Next: 14%
Magic:  15/15      EV: 13    Int:  9    God:    Makhleb [*****.]
Gold:   789        SH:  0    Dex: 13    Spells: 0 memorised, 10 levels left

rFire  + . .     SeeInvis +       - Unarmed
rCold  + . .     Clarity  .     C - +0 steam dragon armour of the Hanged Man {rF+}
rNeg   + + +     SustAt   .     (no shield)
rPois  ∞         Gourm    .     B - +0 helmet {Int+3}
rElec  .         Spirit   .     a - +0 cloak
rCorr  .         Warding  .     (no gloves)
rMut   .         Stasis   .     w - +0 pair of boots
MR     .....                    (no amulet)
Stlth  ++........               f - +5 ring of strength
                                l - ring of see invisible

@: rotting, not resistant to hostile enchantments, unstealthy
A: rotting body, claws 1, carnivore 3, cold resistance 1, negative energy
resistance 3, slow healing 1, torment resistance, unbreathing
a: Minor Destruction, Lesser Servant of Makhleb, Major Destruction, Greater
Servant of Makhleb, Renounce Religion


You were on level 9 of the Dungeon.
You worshipped Makhleb.
Makhleb was extremely pleased with you.
You were not hungry.

You visited 2 branches of the dungeon, and saw 11 of its levels.
You also visited: Bailey.

You collected 789 gold pieces.

Inventory:

Missiles
 t - 44 poisoned needles (quivered)
Armour
 a - a +0 cloak (worn)
 g - a +1 ring mail
 w - a +0 pair of boots (worn)
 B - a +0 helmet of intelligence (worn)
 C - the +0 steam dragon armour of the Hanged Man (worn) {rF+}
   (You took it off an orc in a bailey)

   It protects you from fire.
Jewellery
 e - an uncursed ring of ice
 f - a +5 ring of strength (right claw)
 l - a ring of see invisible (left claw)
 m - an uncursed ring of protection from fire
 n - an uncursed ring of stealth
Magical devices
 D - a wand of hasting (4)
 E - a wand of hasting (5)
Scrolls
 c - 3 scrolls of amnesia
 h - 2 scrolls of teleportation
 i - 3 scrolls of remove curse
 j - a scroll of magic mapping
 o - 2 scrolls of enchant weapon
 p - a scroll of identify
Potions
 d - 5 potions of invisibility
 k - 3 potions of might
 r - a potion of mutation {unknown}
 s - 4 potions of curing
 u - a potion of agility
 v - a potion of haste {unknown}
 x - 3 potions of brilliance {unknown}
 z - a potion of flight {unknown}
 G - a potion of heal wounds
Books
 q - Kikubaaqudgha's Papyrus of Dark Secrets
   (You found it on level 9 of the Dungeon)

   Spells                             Type                      Level
   a - Pain                           Necromancy                   1
 y - a book of Debilitation

   Spells                             Type                      Level
   a - Corona                         Hexes                        1
   b - Slow                           Hexes                        2
   c - Gell's Gravitas                Hexes/Translocation          3
   d - Inner Flame                    Hexes/Fire                   3
   e - Cause Fear                     Hexes                        4
   f - Leda's Liquefaction            Hexes/Earth                  4
 A - the Handbook of Lightness and the Voyage
   (You found it in a bailey)

   Spells                             Type                      Level
   a - Repel Missiles                 Charms/Air                   2
   b - Portal Projectile              Translocation                3
   c - Passage of Golubria            Translocation                4
   d - Silence                        Hexes/Air                    5
   e - Conjure Ball Lightning         Conjuration/Air              6
 I - Sif Muna's Handbook of Transmutation
   (You found it on level 9 of the Dungeon)

   Spells                             Type                      Level
   a - Beastly Appendage              Transmutation                1
 J - Vehumet's Incunabulum of Arcane Weapons
   (You found it on level 9 of the Dungeon)

   Spells                             Type                      Level
   a - Magic Dart                     Conjuration                  1
Miscellaneous
 F - a lamp of fire
Comestibles
 b - 3 meat rations
 H - 2 chunks of flesh
 K - a beef jerky


   Skills:
 - Level 9.0 Fighting
 + Level 8.5 Armour
 - Level 2.7 Dodging
 - Level 2.1 Stealth
 - Level 11.2 Unarmed Combat
 - Level 7.5 Invocations


You had 10 spell levels left.
You didn't know any spells.

Dungeon Overview and Level Annotations

Branches:
Dungeon (10/15)            Temple (1/1) D:4             Orc (0/4) D:9
   Lair: D:8-11

Altars:
Ashenzari
Cheibriados
Dithmenos
Elyvilon
Fedhas
Gozag
Kikubaaqudgha
Makhleb
Nemelex Xobeh
Okawaru
Qazlal
Ru
Sif Muna
Trog
Vehumet
Xom
Yredelemnul
Zin
The Shining One

Shops:
D:7 [


Innate Abilities, Weirdness & Mutations

Your body is rotting away.
You thrive on raw meat.
You are immune to poison.
You have sharp fingernails.
You are carnivorous and can eat meat at any time.
Your flesh is cold resistant.
You are immune to negative energy.
You heal slowly when monsters are visible.
You are immune to unholy pain and torment.
You can survive without breathing.


Message History

Things that are here:
a leather armour; a mace Your ufetubus closely misses the cyan ugly thing.
Your ufetubus hits the cyan ugly thing.
Things that are here:
a chain mail; a mace Your ufetubus hits the cyan ugly thing but does no damage.
Your ufetubus barely misses the cyan ugly thing.
Your ynoxinul gestures.
Your ufetubus hits the cyan ugly thing.
Your ufetubus misses the cyan ugly thing.
Your ufetubus closely misses the cyan ugly thing.
Your ufetubus barely misses the cyan ugly thing.
Your ufetubus closely misses the cyan ugly thing.
Your ufetubus hits the cyan ugly thing.
Your ufetubus hits the cyan ugly thing. x2
The cyan ugly thing kicks you!
* * * LOW HITPOINT WARNING * * *
The cyan ugly thing shocks you!
You die...

#.#.## #
#.#..#########################
#.##.##...553[5..[5.........##
#.##.##.###################...
#.##.##3###### ####
#.##.##.5....# #.##.#######5#
#.##.# #u#####
####.##.#######.@...# ####
#.............#####.# #...
#.##.##...<##.#####.# #.##
#.##.##...........|.##### #.#
#.##.##....#####........# #.#
#.##.##...#.........###.# #.#
#.##.####.#.#######.###.######.#
#.##.####.#.# #..........##.#
#.##........# #..###.###.##.##


You could see a cyan ugly thing and a friendly ufetubus.

Vanquished Creatures
  Maurice (D:8)
  The ghost of rogue the Chucker, an average OgHu of Okawaru (D:4)
  A troll (D:9)
  Prince Ribbit (D:9)
  6 yaks
  A spriggan (D:9)
  A wyvern (D:9)
  Grum (D:8)
  4 wolves (D:8)
  10 orc warriors
  2 necrophages
  3 sky beasts
  2 phantoms
  2 ice beasts
  4 black bears
  6 ogres
  4 giant frogs
  A gnoll sergeant (D:9)
  A wyvern skeleton (D:9)
  3 scorpions (D:7)
  9 wights
  A giant frog zombie (D:9)
  2 jellies (D:9)
  3 crimson imps
  3 hounds (D:5)
  2 orc priests (D:5)
  5 giant frog skeletons
  4 iguanas
  2 orc wizards
  4 worker ants
  13 gnolls
  8 adders
  3 shadow imps
  2 oozes
  2 adder skeletons
  3 worms (D:3)
  3 giant geckos
  44 orcs
  21 bats
  A bat zombie (D:7)
  15 hobgoblins
  9 jackals
  20 kobolds
  4 quokkas
  2 ball pythons (D:3)
  7 giant cockroaches
  A giant gecko skeleton (D:4)
  5 giant newts
  27 goblins
  10 rats
290 creatures vanquished.

Vanquished Creatures (collateral kills)
  An orc warrior (D:9)
1 creature vanquished.

Grand Total: 291 creatures vanquished

Notes
Turn   | Place    | Note
--------------------------------------------------------------
     0 | D:1      | wotan the Ghoul Monk began the quest for the Orb.
     0 | D:1      | Reached XP level 1. HP: 19/19 MP: 0/0
   153 | D:1      | Reached XP level 2. HP: 22/24 MP: 1/1
   169 | D:1      | Reached skill level 5 in Unarmed Combat
   364 | D:1      | Reached XP level 3. HP: 15/28 MP: 2/2
   754 | D:1      | Reached skill level 6 in Unarmed Combat
   754 | D:1      | Reached XP level 4. HP: 36/38 MP: 3/3
  1725 | D:3      | Reached skill level 1 in Armour
  1731 | D:3      | Reached XP level 5. HP: 29/45 MP: 4/4
  2490 | D:3      | Found an opulent altar of Gozag.
  2627 | D:3      | Reached XP level 6. HP: 49/49 MP: 5/5
  3063 | D:4      | Found a staircase to the Ecumenical Temple.
  3084 | Temple   | Entered the Ecumenical Temple
  3095 | Temple   | Became a worshipper of Makhleb the Destroyer
  3095 | Temple   | Acquired Makhleb's first power
  3095 | Temple   | Acquired Makhleb's second power
  3237 | D:5      | Entered Level 5 of the Dungeon
  3895 | D:4      | Noticed rogue's ghost (average OgHu)
  3903 | D:3      | Upgraded the game from 0.17-a0-1435-geafbe2f to 0.17-a0-1442-g10bb59b
  3927 | D:4      | Killed rogue's ghost
  3927 | D:4      | Reached skill level 5 in Armour
  3927 | D:4      | Reached XP level 7. HP: 24/56 MP: 6/6
  4651 | D:5      | Reached skill level 7 in Armour
  4651 | D:5      | Reached XP level 8. HP: 62/62 MP: 7/7
  4952 | D:5      | Reached skill level 5 in Fighting
  5013 | D:5      | Found an iron altar of Okawaru.
  5014 | D:5      | Found a white marble altar of Elyvilon.
  5016 | D:5      | Found a bloodstained altar of Trog.
  5016 | D:5      | Found a sacrificial altar of Ru.
  5018 | D:5      | Found a shadowy altar of Dithmenos.
  5056 | D:5      | Found a basalt altar of Yredelemnul.
  5258 | D:6      | Acquired Makhleb's third power
  5501 | D:6      | Found a stormy altar of Qazlal.
  6211 | D:6      | Reached skill level 8 in Fighting
  6211 | D:6      | Reached XP level 9. HP: 36/81 MP: 8/8
  6915 | D:7      | Acquired Makhleb's fourth power
  6915 | D:7      | Reached skill level 9 in Fighting
  6953 | D:7      | Found Qeron's Antique Armour Shop.
  6986 | D:7      | Reached skill level 1 in Invocations
  7454 | D:7      | Reached skill level 5 in Invocations
  7846 | D:8      | Acquired Makhleb's fifth power
  8004 | D:8      | Found a flagged portal.
  8039 | Bailey   | Entered a bailey
  8524 | Bailey   | Reached XP level 10. HP: 89/91 MP: 14/14
  9162 | Bailey   | Identified the Handbook of Lightness and the Voyage
  9301 | Bailey   | Got a blackened steam dragon armour
  9312 | Bailey   | Identified the +0 steam dragon armour of the Hanged Man {rF+} (You took it off an orc in a bailey)
  9594 | D:8      | Noticed Grum
  9621 | D:8      | Killed Grum
 10229 | D:8      | Noticed Maurice
 10257 | D:8      | Killed Maurice
 10569 | D:8      | Reached skill level 10 in Unarmed Combat
 10666 | D:9      | Noticed Prince Ribbit
 10715 | D:9      | Killed Prince Ribbit
 10715 | D:9      | Reached skill level 11 in Unarmed Combat
 10973 | D:9      | Reached XP level 11. HP: 88/96 MP: 15/15
 11358 | D:9      | Found a staircase to the Orcish Mines.
 11503 | D:9      | Found a deep blue altar of Sif Muna.
 11505 | D:9      | Found an ancient bone altar of Kikubaaqudgha.
 11505 | D:9      | Found a radiant altar of Vehumet.
 11514 | D:9      | Identified Kikubaaqudgha's Papyrus of Dark Secrets
 11529 | D:9      | Identified Sif Muna's Handbook of Transmutation
 11536 | D:9      | Identified Vehumet's Incunabulum of Arcane Weapons
 11587 | D:10     | Entered Level 10 of the Dungeon
 11690 | D:9      | Slain by a cyan ugly thing

Vault maps used:
D:1:      shiori_arrival_oz, minivault_4
D:3:      nicolae_gozag_seed_capital
D:4:      minmay_temple_entry_butterflies, kennysheep_generic_room_4
D:5:      grunt_temple_overflow_open, first_bread
D:6:      nicolae_qazlal_style_of_elements
D:7:      serial_shops, shop_fountains
D:8:      enter_bailey_3, uniq_grum, uniq_maurice
D:9:      grunt_temple_overflow_magic_moments, orc_0_dummy, the_bakery,
          uniq_prince_ribbit1
D:10:     serial_shops, shop
Temple:   nicolae_temple_no_exploring_needed
Bailey:   bailey_polearm_1, bailey

Action                   |  1- 3 |  4- 6 |  7- 9 | 10-12 || total
-------------------------+-------+-------+-------+-------++-------
Melee: Unarmed           |    84 |   303 |   488 |   237 ||  1112
Invok: Major Destruction |       |       |     2 |     7 ||     9
       Lesser Servant of |       |       |       |     6 ||     6
  Use: Scroll            |       |     6 |    10 |       ||    16
       Potion            |       |       |       |     1 ||     1
 Stab: Sleeping          |     1 |     5 |     2 |       ||     8
  Eat: Chunk             |     4 |    23 |    26 |    23 ||    76
